 Dungeon Crawl Stone Soup version 0.26-a0-540-g8a0c9464d7 (webtiles) character file.

Game seed: 3488920111081298428

36 BattleRest the Skirmisher (level 3, -1/33 (34) HPs)
             Began as a Hill Orc Chaos Knight on Aug 19, 2020.
             Was a Plaything of Xom.
             Slain by a frilled lizard (3 damage)
             ... on level 1 of the Dungeon.
             The game lasted 00:01:57 (395 turns).

BattleRest the Skirmisher (Hill Orc Chaos Knight)    Turns: 395, Time: 00:01:57

HP:   -1/33 (34)    AC:  5    Str: 15    XL:     3   Next: 37%
MP:   3/3           EV: 11    Int: 12    God:    Xom [.....*]
Gold: 6             SH:  0    Dex: 10    Spells: 2/2 levels left

rFire    . . .     SeeInvis .   a - +0 mace (chaos)
rCold    . . .     Faith    .   (no shield)
rNeg     . . .     Spirit   .   b - +2 leather armour
rPois    .         Reflect  .   (no helmet)
rElec    .         Harm     .   (no cloak)
rCorr    .                      (no gloves)
MR       .....                  (no boots)
Stlth    +.........             (no amulet)
HPRegen  0.00/turn              (no ring)
MPRegen  0.08/turn              (no ring)

@: lethally poisoned (-1 -> -21), non-regenerating, diseased
A: no striking features
a: Renounce Religion


You were on level 1 of the Dungeon.
You worshipped Xom.
You were Xom's teddy bear.
You visited 1 branch of the dungeon, and saw 1 of its levels.

You collected 6 gold pieces.

Inventory:

Hand Weapons
 a - a +0 mace of chaos (weapon)
Armour
 b - a +2 leather armour (worn)
Scrolls
 c - 2 scrolls of identify {unknown}
 e - a scroll of fog {unknown}
 f - a scroll of blinking {unknown}
 i - a scroll of fear {unknown}
Potions
 d - a potion of curing {unknown}
 g - a potion of haste {unknown}
 h - a potion of degeneration {unknown}


   Skills:
 + Level 4.3 Fighting
 + Level 3.9 Maces & Flails
 + Level 2.6 Armour
 - Level 0.7 Dodging


You had 2 spell levels left.
You didn't know any spells.
Your spell library was empty.

Dungeon Overview and Level Annotations

Branches:
Dungeon (1/15)

Altars:


Message History

The jackal is severely wounded.
* * * LOW HITPOINT WARNING * * *
You feel very sick. The jackal closely misses you. The jackal bites you.
* * * LOW HITPOINT WARNING * * *
You barely miss the jackal.
The jackal is severely wounded.
* * * LOW HITPOINT WARNING * * *
You feel sick.
The jackal bites you but does no damage.
The jackal barely misses you.
You sock the jackal!
You kill the jackal!
* * * LOW HITPOINT WARNING * * *
You feel sick.
You hit the frilled lizard but do no damage.
* * * LOW HITPOINT WARNING * * *
You feel sick. The frilled lizard bites you.
You die... "I guess I need a new plaything now."

* ### ** * ######.#
* , #......# , *
#@####.# * * *
*###### #l# #.#####
* .....###.#
#.....# ** #......#
#####.# #.†....#
#.# #......# #.#
############+###.##
#.#
.........###.#....#
#.#
######...≈.....#..#
#.#


You could see a frilled lizard.

Vanquished Creatures
  A gnoll (D:1)
  A dart slug (D:1)
  3 bats (D:1)
  2 goblins (D:1)
  4 hobgoblins (D:1)
  6 jackals (D:1)
  2 frilled lizards (D:1)
  2 kobolds (D:1)
  A rat (D:1)
22 creatures vanquished.

Notes
Turn   | Place    | Note
-------+----------+-------------------------------------------
     0 | D:1      | BattleRest the Hill Orc Chaos Knight began the quest for
                  | the Orb.
     0 | D:1      | Reached XP level 1. HP: 19/19 MP: 1/1
    95 | D:1      | Reached skill level 4 in Fighting
    95 | D:1      | Reached XP level 2. HP: 25/27 MP: 2/2
   237 | D:1      | XOM: divination: magic mapping
   246 | D:1      | Reached XP level 3. HP: 33/33 MP: 3/3
   299 | D:1      | XOM: cloud trail
   395 | D:1      | Slain by a frilled lizard

Illustrated notes

Levels and vault maps discovered:
D:1:      minmay_arrival_shattered_statue, layout_basic,
          chequers_serial_rivers_small_a, minmay_distorted

Skill      XL: |  1 |
---------------+----+-----
Fighting       | 4 |  4.3
Maces & Flails | |  3.9
Armour         | |  2.6
Dodging        | |  0.7

Action                   || total
-------------------------++-------
Melee: Mace              ||    67
 Stab: Petrified         ||     1
       Paralysed         ||     1
Armor: Leather armour    ||    26
Dodge: Dodged            ||    59

Table legend: (Time is in decaauts)
 A = Elapsed time spent in this place.
 B = Non-inter-level travel time spent in this place.
 C = Inter-level travel time spent in this place.
 D = Time resting spent in this place.
 E = Time spent auto-exploring this place.
 F = Levels seen in this place.
 G = Mean time per level.
                   A        B        C        D        E       F      G
               +--------+--------+--------+--------+--------+-----+--------+
         Total |    410 |    410 |      0 |     14 |    205 |   1 |  410.0 |
       Dungeon |    410 |    410 |      0 |     14 |    205 |   1 |  410.0 |
               +--------+--------+--------+--------+--------+-----+--------+

Top non-repeatable levels by time:
     D:1: 410 daAuts
